 Dungeon Crawl Stone Soup version 0.28.0-45-g0d030f2227 (webtiles) character file.

Game seed: 3299524970682725976

143 Gabide the Skirmisher (level 5, -6/44 HPs)
             Began as a Barachi Chaos Knight on Apr 20, 2022.
             Was a Plaything of Xom.
             Mangled by a gnoll
             ... wielding a +0 flail
              (9 damage)
             ... on level 3 of the Dungeon.
             The game lasted 00:04:13 (3100 turns).

Gabide the Skirmisher (Barachi Chaos Knight)        Turns: 3100, Time: 00:04:13

Health: -6/44      AC:  5    Str: 15    XL:     5   Next: 25%
Magic:  5/5        EV: 12    Int: 13    God:    Xom [..*...]
Gold:   81         SH:  0    Dex: 11    Spells: 4/4 levels left

rFire   + . .      SeeInvis .   a - +0 falchion (chaos)
rCold   + . .      Faith    .   (no shield)
rNeg    . . .      Spirit   .   b - +2 leather armour
rPois   .          Reflect  .   (no helmet)
rElec   .          Harm     .   j - scarf {rC+ rF+}
rCorr   .          Rampage  .   (no gloves)
Will    .....                   (no boots)
Stlth   +.........              k - amulet of the acrobat
HPRegen 0.14/turn               (no ring)
MPRegen 0.09/turn               (no ring)

@: unable to hop, flying, slow
A: amphibious, slowness 1, strong legs 1, +LOS
a: Hop, Renounce Religion


You were on level 3 of the Dungeon.
You worshipped Xom.
You were a toy of Xom.
You visited 1 branch of the dungeon, and saw 3 of its levels.

You collected 81 gold pieces.

Inventory:

Hand Weapons
 a - a +0 falchion of chaos (weapon)
Armour
 b - a +2 leather armour (worn)
 j - a scarf of resistance (worn)
Jewellery
 k - an amulet of the acrobat (around neck)
Wands
 m - a wand of acid (4)
Scrolls
 d - a scroll of enchant weapon {unknown}
 e - a scroll of blinking {unknown}
 f - a scroll of summoning {unknown}
 g - a scroll of vulnerability {unknown}
 h - 3 scrolls of identify
Potions
 c - a potion of cancellation
 i - a potion of flight
 l - 2 potions of curing
 n - a potion of attraction {unknown}


   Skills:
 * Level 5.0 Fighting
 + Level 4.3 Long Blades
 + Level 3.3 Armour
 * Level 3.2 Dodging


You had 4 spell levels left.
You didn't know any spells.
Your spell library was empty.

Dungeon Overview and Level Annotations

Branches:
Dungeon (3/15)

Altars:


Innate Abilities, Weirdness & Mutations

You are amphibious.
You cover ground slowly.
You can hop short distances.
You have an extended range of vision and can be seen from far away.


Message History

The gnoll hits you with a +0 flail!
The gnoll hits you from afar with a +0 spear.
The gnoll closely misses you.
You closely miss the gnoll.
The gnoll is moderately wounded.
The gnoll barely misses you.
The gnoll hits you from afar with a +0 spear!
The gnoll hits you with a +0 flail!
* * * LOW HITPOINT WARNING * * *
You are too injured to fight recklessly!
You are too injured to fight recklessly!
You are too injured to fight recklessly!
You are too injured to fight recklessly!
You are too injured to fight recklessly!
You are too injured to fight recklessly!
You are too injured to fight recklessly!
You are too injured to fight recklessly!
You are too injured to fight recklessly!
You are too injured to fight recklessly!
You are too injured to fight recklessly!
Hop to where?
Press: ? - help, Dir - move target Boing!
Unknown command.
Unknown command.
The gnoll completely misses you.
It was a potion of cancellation.
You feel magically purged. The gnoll misses you.
It was a potion of flight.
You feel very buoyant.
You fly up into the air.
Xom roars with laughter!
The gnoll hits you with a +0 flail!
* * * LOW HITPOINT WARNING * * *
The gnoll misses you. x2
As you read the scroll labelled JAANWIJ WIRI, it crumbles to dust.
It is a scroll of identify.
l - 2 potions of curing The gnoll hits you with a +0 flail!
You die...

######### #.......#######
#.............#
#..########.#g#
#..#...g.g..#g#
#..#.########@## #..#
#..############### #..#
#..##[....#....... #..#
#................. #..#
#####.#..........>.... #..#
...#.................
#..########.#..|....).........
#.............#...............
#.#####.##..###...............


You could see 2 gnolls.

Vanquished Creatures
  An orc priest (D:2)
  A gnoll (D:1)
  4 adders
  A worm (D:2)
  3 dart slugs
  3 orcs
  6 ball pythons
  4 endoplasms
  2 giant cockroaches
  4 goblins
  5 hobgoblins
  2 jackals (D:2)
  4 quokkas
  3 bats
  2 frilled lizards (D:1)
  5 kobolds
  6 rats
56 creatures vanquished.

Notes
Turn   | Place    | Note
-------+----------+-------------------------------------------
     0 | D:1      | Gabide the Barachi Chaos Knight began the quest for the
                  | Orb.
     0 | D:1      | Reached XP level 1. HP: 18/18 MP: 1/1
   211 | D:1      | Reached XP level 2. HP: 25/25 MP: 2/2
   332 | D:1      | XOM: potion effect (berserk rage)
   336 | D:1      | Reached skill level 4 in Fighting
   337 | D:1      | Reached XP level 3. HP: 30/30 MP: 3/3
   496 | D:1      | XOM: divination: detect items
   731 | D:1      | Found a faded altar of an unknown god.
   769 | D:1      | XOM: scenery: summon butterflies
  1031 | D:2      | XOM: cloud trail
  1135 | D:2      | Reached XP level 4. HP: 35/38 MP: 4/4
  2116 | D:3      | XOM: blink monster(s)
  2119 | D:3      | XOM: noise
  2484 | D:2      | Reached XP level 5. HP: 29/43 MP: 5/5
  2884 | D:2      | XOM: god gift: wand of acid (4)
  2933 | D:3      | Reached skill level 5 in Fighting
  2960 | D:3      | XOM: cloud trail
  2982 | D:3      | XOM: divination: detect items
  3100 | D:3      | Mangled by a gnoll

Illustrated notes

Levels and vault maps discovered:
D:1:      saegor_arrival_simple_a, layout_loops_cross,
          shapermc_ecumenical_altar_flowoftime, st_stairs_11
D:2:      layout_basic, minmay_pentomino_z4
D:3:      layout_rooms, minivault_27

Skill      XL: |  1  2  3  4  5 |
---------------+----------------+-----
Fighting       | 4 5 |  5.0
Dodging        | 2 3 |  3.2
Long Blades    | 4 |  4.3
Armour         | 3 |  3.3

Action                   |  1- 3 |  4- 6 || total
-------------------------+-------+-------++-------
Melee: Falchion          |    68 |   102 ||   170
       Punch             |       |     1 ||     1
 Abil: Hop               |       |     3 ||     3
  Use: Potion            |       |     2 ||     2
       Scroll            |       |     1 ||     1
 Stab: Sleeping          |     1 |       ||     1
       Petrified         |       |     4 ||     4
Armor: Leather armour    |    22 |    32 ||    54
Dodge: Dodged            |    28 |    86 ||   114
